 Dungeon Crawl Stone Soup version 0.30.1-11-g7821555f0a (webtiles) character file.

Game seed: 5601230862288516221

502 anacleto the Skirmisher (level 6, -3/51 HPs)
             Began as a Minotaur Hunter on Dec 10, 2023.
             Slain by an ogre
             ... wielding a +0 giant club
              (18 damage)
             ... on level 4 of the Dungeon.
             The game lasted 00:10:31 (3717 turns).

anacleto the Skirmisher (Minotaur Hunter)           Turns: 3717, Time: 00:10:32

Health: -3/51      AC:  3    Str: 15    XL:     6   Next: 95%
Magic:  5/5        EV: 12    Int:  6    God:
Gold:   260        SH:  0    Dex: 16    Spells: 5/5 levels left

rFire   . . .        a - +0 shortbow
rCold   . . .        (shield currently unavailable)
rNeg    . . .        c - +0 leather armour
rPois   .            m - +0 hat
rElec   .            (no cloak)
rCorr   .            (no gloves)
SInv    .            (no boots)
Will    .....        (no amulet)
Stlth   +            (no ring)
HPRegen 0.28/turn    (no ring)
MPRegen 0.09/turn

%: no passive effects
@: no status effects
A: horns 2, retaliatory headbutt
a: no special abilities


You were on level 4 of the Dungeon.
You visited 1 branch of the dungeon, and saw 5 of its levels.

You collected 260 gold pieces.

Inventory:

Hand Weapons
 a - a +0 shortbow (weapon)
 b - a +0 hammer
Missiles
 p - 4 atropa-tipped darts
Armour
 c - a +0 leather armour (worn)
 m - a +0 hat (worn)
Jewellery
 n - an amulet of guardian spirit
Wands
 q - a wand of polymorph (18)
Scrolls
 d - a scroll of fog {unknown}
 e - a scroll of fear
 h - 2 scrolls of enchant weapon
 i - a scroll of immolation
 k - a scroll of teleportation {unknown}
 o - a scroll of magic mapping {unknown}
 s - 3 scrolls of amnesia
 t - a scroll of blinking {unknown}
Potions
 f - a potion of heal wounds
 g - a potion of lignification
 j - a potion of flight
 l - a potion of attraction
 r - a potion of brilliance
 u - a potion of haste


   Skills:
 + Level 3.3 Fighting
 * Level 8.6 Ranged Weapons
 + Level 3.0 Dodging
 - Level 0.7 Stealth


You had 5 spell levels left.
You didn't know any spells.
Your spell library contained the following spells:

 Spells                   Type           Power      Damage    Failure   Level
 Foxfire                  Conj/Fire      0%         2x1d4     52%         1
 Magic Dart               Conj           0%         1d3       52%         1
 Sandblast                Erth           0%         2d4       52%         1
 Call Imp                 Summ           0%         N/A       67%         2
 Passwall                 Tmut/Erth      0%         N/A       67%         2
 Searing Ray              Conj           0%         2d4       67%         2
 Mephitic Cloud           Conj/Pois/Air  0%         N/A       88%         3
 Stone Arrow              Conj/Erth      0%         3d7       88%         3
 Fulminant Prism          Conj/Hex       0%         3d5       99%         4
 Petrify                  Tmut/Erth      0%         N/A       99%         4
 Fireball                 Conj/Fire      0%         3d3       100%        5
 Metabolic Englaciation   Hex/Ice        0%         N/A       100%        5
 Summon Forest            Summ/Tloc      0%         N/A       100%        5
 Plasma Beam              Fire/Air       0%         2x1d11    100%        6
 Starburst                Conj/Fire      0%         6d3       100%        6
 Statue Form              Tmut/Erth      0%         N/A       100%        6
 Spellforged Servitor     Conj/Summ      0%         N/A       100%        7
 Borgnjor's Revivificati  Necr           0%         N/A       100%        8
 Necromutation            Tmut/Necr      0%         N/A       100%        8
 Death's Door             Necr           0%         N/A       100%        9


Dungeon Overview and Level Annotations

Branches:
Dungeon (5/15)
 Temple: D:4-7

Altars:
Cheibriados

Annotations:
D:3 1 runed translucent door, Crazy Yiuf
D:4 3 runed translucent doors, Okkudo's ghost, novice HOMo; Rangus's ghost, amateur GnWn


Innate Abilities, Weirdness & Mutations

You have a pair of horns on your head.
You reflexively headbutt those who attack you in melee.


Message History

The ogre is lightly wounded.
Fire: a) +0 shortbow
Press: ? - help, Q - select action, (/) - cycle Shift-Dir - straight line, f/p - ogre
Aim: an ogre, wielding a +0 giant club (lightly wounded, 78% to hit)
You shoot an arrow.
The arrow hits the ogre but does no damage.
The ogre is lightly wounded.
Fire: a) +0 shortbow
Press: ? - help, Q - select action, (/) - cycle Shift-Dir - straight line, f/p - ogre
Aim: an ogre, wielding a +0 giant club (lightly wounded, 78% to hit)
You shoot an arrow. The arrow barely misses the ogre.
Fire: a) +0 shortbow
Press: ? - help, Q - select action, (/) - cycle Shift-Dir - straight line, f/p - ogre
Aim: an ogre, wielding a +0 giant club (lightly wounded, 78% to hit)
You shoot an arrow. The arrow hits the ogre!
The ogre is moderately wounded.
Fire: a) +0 shortbow
Press: ? - help, Q - select action, (/) - cycle Shift-Dir - straight line, f/p - ogre
Aim: an ogre, wielding a +0 giant club (moderately wounded, 78% to hit)
You shoot an arrow. The arrow hits the ogre!
The ogre is severely wounded.
Fire: a) +0 shortbow
Press: ? - help, Q - select action, (/) - cycle Shift-Dir - straight line, f/p - ogre
Aim: an ogre, wielding a +0 giant club (severely wounded, 78% to hit)
You shoot an arrow. The arrow hits the ogre.
The ogre is severely wounded.
The ogre hits you with a +0 giant club!
* * * LOW HITPOINT WARNING * * *
Fire: a) +0 shortbow
Press: ? - help, Q - select action, (/) - cycle Shift-Dir - straight line, f/p - ogre
Aim: an ogre, wielding a +0 giant club (severely wounded, 78% to hit)
You shoot an arrow. The arrow hits the ogre.
The ogre is almost dead.
Fire: a) +0 shortbow
Press: ? - help, Q - select action, (/) - cycle Shift-Dir - straight line, f/p - ogre
Aim: an ogre, wielding a +0 giant club (almost dead, 78% to hit)
You shoot an arrow. The arrow hits the ogre.
The ogre is almost dead.
The ogre hits you with a +0 giant club!!
You die...

.....[....##.....###.............
........................#........
.........###...####...####......[
.........##...## #..######.......
.........###..####......##.......
...†.....###...##................
.......................)..)......
...........................######
................@O.>....#..#.⌠..#
#....#.................##..#W...8
.)..##...........)#........#W....
...###.#.........##...#....+.....
..###..###.......###.###...+.....
)...##............##..###..+.....
##....)..##..........## #..#.....
###.#.............##.## #..#....8
............##.#####..####.#.⌠.?#


You could see an ogre.

Vanquished Creatures
  An ice beast (D:4)
  A phantom (D:4)
  A scorpion (D:3)
  A jelly (D:4)
  An iguana (D:4)
  Natasha (thrice) (D:3)
  4 gnolls
  4 adders (D:4)
  A worm (D:2)
  4 orcs (D:4)
  7 bats
  6 endoplasms
  3 giant cockroaches
  8 goblins
  7 hobgoblins
  2 quokkas
  3 ball pythons
  3 frilled lizards
  8 kobolds
  6 rats
74 creatures vanquished.

Notes
Turn   | Place    | Note
-------+----------+-------------------------------------------
     0 | D:1      | anacleto the Minotaur Hunter began the quest for the Orb.
     0 | D:1      | Reached XP level 1. HP: 18/18 MP: 0/0
   139 | D:1      | You fall into a shaft and drop 1 floor!
   173 | D:1      | Reached XP level 2. HP: 25/25 MP: 1/1
   215 | D:1      | Reached skill level 5 in Ranged Weapons
   408 | D:1      | Got the Anthology of Adjuration and the Evil Eye
   849 | D:2      | Reached XP level 3. HP: 30/30 MP: 2/2
  1445 | D:3      | Noticed Natasha
  1454 | D:3      | Killed Natasha
  1455 | D:3      | Reached skill level 6 in Ranged Weapons
  1455 | D:3      | Reached XP level 4. HP: 34/37 MP: 3/3
  1557 | D:3      | Noticed Natasha
  1567 | D:3      | Killed Natasha
  1703 | D:3      | Noticed Natasha
  1710 | D:3      | Killed Natasha
  1850 | D:3      | Found a faded altar of an unknown god.
  2063 | D:3      | Found a runed translucent door.
  2081 | D:3      | Noticed Crazy Yiuf
  2170 | D:4      | Noticed a phantom
  2180 | D:4      | Killed a phantom
  2181 | D:4      | Reached skill level 7 in Ranged Weapons
  2181 | D:4      | Reached XP level 5. HP: 36/42 MP: 4/4
  2225 | D:4      | Reached skill level 8 in Ranged Weapons
  2225 | D:4      | Reached XP level 6. HP: 17/50 MP: 5/5
  2479 | D:4      | Found a runed translucent gate.
  2479 | D:4      | Found a runed translucent gate.
  2479 | D:4      | Found a runed translucent gate.
  2481 | D:4      | Noticed Okkudo's ghost (novice HOMo)
  2481 | D:4      | Noticed Rangus's ghost (amateur GnWn)
  2487 | D:4      | Noticed an ice beast
  2508 | D:4      | HP: 1/50 [ice beast (13)]
  2517 | D:4      | Killed an ice beast
  2757 | D:5      | Entered Level 5 of the Dungeon
  2761 | D:4      | Found a snail-covered altar of Cheibriados.
  3717 | D:4      | Slain by an ogre

Illustrated notes

Levels and vault maps discovered:
D:1:      dpeg_arrival_three_same_balls, layout_basic,
          nicolae_concentric_dashed_squares_mild, minmay_unequal
D:2:      layout_rooms
D:3:      layout_basic, hellmonk_ecumenical_altar_inner_sanctum,
          uniq_crazy_yiuf_cottage, uniq_natasha
D:4:      layout_cave_pools, lemuel_crystal_altar, gammafunk_ghost_cemetery,
          lightli_corner_chamber
D:5:      layout_cave_pools, lemuel_crystal_altar,
          pdpol_wu_jian_five_deadly_venoms

Skill      XL: |  1  2  3  4  5  6 |
---------------+-------------------+-----
Ranged Weapons | 5 6 7 8 |  8.6
Fighting       | 3 |  3.3
Dodging        | 3 |  3.0
Stealth        | |  0.7

Action                     |  1- 3 |  4- 6 || total
---------------------------+-------+-------++-------
  Melee: Mace              |       |    24 ||    24
         Headbutt          |       |     5 ||     5
         Punch             |       |     1 ||     1
   Fire: Shortbow          |   100 |   138 ||   238
    Use: Scroll            |       |     9 ||     9
         Potion            |       |     1 ||     1
 Armour: Leather armour    |    16 |    17 ||    33
  Dodge: Dodged            |    28 |    49 ||    77
